 Dungeon Crawl Stone Soup version 0.29.1-2-gbd0b4ee654 (webtiles) character file.

Game seed: 6931369460786963344

65 safid the Shooter (level 3, -7/33 HPs)
             Began as a Minotaur Hunter on Oct 24, 2022.
             Mangled by Terence
             ... wielding a +2 flail of protection
              (12 damage)
             ... on level 3 of the Dungeon.
             The game lasted 00:02:25 (1324 turns).

safid the Shooter (Minotaur Hunter)                 Turns: 1324, Time: 00:02:25

Health: -7/33      AC:  3    Str: 15    XL:     3   Next: 92%
Magic:  2/2        EV: 12    Int:  6    God:
Gold:   135        SH:  0    Dex: 15    Spells: 2/2 levels left

rFire   . . .      SeeInvis .   a - +0 shortbow
rCold   . . .      Faith    .   (shield currently unavailable)
rNeg    . . .      Spirit   .   c - +0 leather armour
rPois   .          Reflect  .   (helmet restricted)
rElec   .          Harm     .   (no cloak)
rCorr   .          Rampage  .   (no gloves)
Will    .....                   (no boots)
Stlth   +.........              (no amulet)
HPRegen 0.11/turn               (no ring)
MPRegen 0.08/turn               (no ring)

@: no status effects
A: horns 2, retaliatory headbutt
a: no special abilities


You were on level 3 of the Dungeon.
You visited 1 branch of the dungeon, and saw 3 of its levels.

You collected 135 gold pieces.

Inventory:

Hand Weapons
 a - a +0 shortbow (weapon)
Armour
 c - a +0 leather armour (worn)
Scrolls
 b - 2 scrolls of immolation
 e - 4 scrolls of identify {unknown}
 f - a scroll of magic mapping {unknown}
 g - a scroll of silence {unknown}
 h - a scroll of acquirement {unknown}
 j - a scroll of vulnerability {unknown}
 k - 2 scrolls of blinking {unknown}
Potions
 d - 2 potions of curing {unknown}
 i - a potion of cancellation {unknown}
 l - a potion of brilliance {unknown}
 m - 2 potions of ambrosia {unknown}


   Skills:
 + Level 4.0 Fighting
 + Level 5.3 Ranged Weapons
 - Level 2.1 Dodging
 - Level 0.7 Stealth


You had 2 spell levels left.
You didn't know any spells.
Your spell library contained the following spells:

 Spells                   Type           Power      Damage    Failure   Level
 Static Discharge         Conj/Air       0%         3-3/arc   67%         2
 Dispel Undead            Necr           0%         3d6       99%         4
 Sticky Flame             Conj/Fire      0%         2d3       99%         4


Dungeon Overview and Level Annotations

Branches:
Dungeon (3/15)

Altars:
Yredelemnul

Annotations:
D:3 Terence


Innate Abilities, Weirdness & Mutations

You have a pair of horns on your head.
You reflexively headbutt those who attack you in melee.


Message History

Terence is nearby!
You shoot an arrow.
The arrow hits Terence but does no damage.
Terence shouts!
You shoot an arrow.
The arrow hits Terence but does no damage.
You shoot an arrow. The arrow closely misses Terence.
Terence shouts, "ATTACK!!!"
Terence hits you with a +2 flail of protection!
You shoot an arrow. The arrow hits Terence.
Terence is lightly wounded.
Terence hits you with a +2 flail of protection!
You are too injured to fight recklessly!
You are too injured to fight recklessly!
You are too injured to fight recklessly!
Unknown command.
Fire: a) +0 shortbow
Press: ? - help, Q - select action Shift-Dir - straight line, f/p - Terence
Aim: Terence, wielding a +2 flail of protection and wearing a +0 ring mail (lightly wounded, 66% to hit)
You shoot an arrow.
The arrow hits Terence but does no damage.
Terence is lightly wounded.
Terence hits you with a +2 flail of protection.
* * * LOW HITPOINT WARNING * * *
Terence says, "You're history."
Terence completely misses you.
Fire: a) +0 shortbow
Press: ? - help, Q - select action Shift-Dir - straight line, f/p - Terence
Aim: Terence, wielding a +2 flail of protection and wearing a +0 ring mail (lightly wounded, 66% to hit)
You shoot an arrow. The arrow barely misses Terence.
Terence hits you with a +2 flail of protection.
* * * LOW HITPOINT WARNING * * *
Fire: a) +0 shortbow
Press: ? - help, Q - select action Shift-Dir - straight line, f/p - Terence
Aim: Terence, wielding a +2 flail of protection and wearing a +0 ring mail (lightly wounded, 66% to hit)
You shoot an arrow.
The arrow hits Terence but does no damage.
Terence is lightly wounded.
Terence hits you with a +2 flail of protection!
You die...

#
#########.#.....).......#
+
+............>..........#
#
#########.###############
#.# #.# #.# #.# #.# #@#
#.@...... #.####### #.#
###


You could see Terence.

Vanquished Creatures
  3 adders
  A worm (D:2)
  3 endoplasms
  A giant cockroach (D:2)
  3 goblins
  9 hobgoblins
  5 ball pythons
  2 bats
  2 frilled lizards (D:2)
  A kobold (D:3)
  4 rats
34 creatures vanquished.

Notes
Turn   | Place    | Note
-------+----------+-------------------------------------------
     0 | D:1      | safid the Minotaur Hunter began the quest for the Orb.
     0 | D:1      | Reached XP level 1. HP: 18/18 MP: 0/0
   177 | D:1      | You fall into a shaft and drop 1 floor!
   336 | D:1      | Reached XP level 2. HP: 25/25 MP: 1/1
   498 | D:2      | Found a basalt altar of Yredelemnul.
   572 | D:2      | Reached XP level 3. HP: 31/31 MP: 2/2
   573 | D:2      | Reached skill level 5 in Ranged Weapons
  1317 | D:3      | Noticed Terence
  1324 | D:3      | Mangled by Terence

Illustrated notes

Levels and vault maps discovered:
D:1:      minmay_arrival_pointy, layout_rooms
D:2:      layout_basic, basic_altar
D:3:      layout_basic, uniq_terence

Skill      XL: |  1  2  3 |
---------------+----------+-----
Fighting       | 3 4 |  4.0
Ranged Weapons | 5 |  5.3
Dodging        | |  2.1
Stealth        | |  0.7

Action                   || total
-------------------------++-------
 Fire: Shortbow          ||    84
Armor: Leather armour    ||     3
Dodge: Dodged            ||    14
